 Dungeon Crawl Stone Soup version 0.30-a0-743-gbfdf073431 (webtiles) character file.

Game seed: 16640497143975808566

366 xian the Shield-Bearer (level 7, 0/54 HPs)
             Began as a Formicid Fighter on Feb 7, 2023.
             Slain by a hound (5 damage)
             ... on level 5 of the Dungeon.
             The game lasted 00:08:54 (3788 turns).

xian the Shield-Bearer (Formicid Fighter)           Turns: 3788, Time: 00:08:55

Health: 0/54       AC:  8    Str: 22    XL:     7   Next: 1%
Magic:  7/7        EV: 11    Int:  8    God:
Gold:   183        SH:  5    Dex: 13    Spells: 6/6 levels left

rFire   . . .      SeeInvis +    a - +0 war axe
rCold   . . .      Faith    .    c - +0 buckler
rNeg    . . .      Spirit   .    n - +1 ring mail {Will+}
rPois   .          Reflect  .    (helmet unavailable)
rElec   .          Harm     .    (no cloak)
rCorr   +          Rampage  .    (no gloves)
Will    +....                    r - +0 pair of boots
Stlth   +                        (no amulet)
HPRegen 0.29/turn                f - ring of resist corrosion
MPRegen 0.10/turn                (no ring)

@: mighty
A: permanent stasis, dig shafts and tunnels, antennae 3, four strong arms
a: Dig, Shaft Self


You were on level 5 of the Dungeon.
You visited 2 branches of the dungeon, and saw 6 of its levels.

You collected 197 gold pieces.
You spent 14 gold pieces at shops.

Inventory:

Hand Weapons
 a - a +0 war axe (weapon)
Missiles
 g - 28 stones
 l - 10 poisoned darts (quivered)
Armour
 c - a +0 buckler (worn)
 n - a +1 ring mail of willpower (worn)
 r - a +0 pair of boots (worn)
Jewellery
 f - a ring of resist corrosion (left hand)
Scrolls
 e - a scroll of identify {unknown}
 h - a scroll of fog {unknown}
 j - a scroll of amnesia
 u - a scroll of torment {unknown}
 x - a scroll of vulnerability {unknown}
Potions
 b - a potion of mutation {unknown}
 i - 7 potions of curing {unknown}
 k - 5 potions of resistance {unknown}
 m - 2 potions of berserk rage {unknown}
 o - 3 potions of lignification {unknown}
 p - a potion of attraction {unknown}
 q - 3 potions of heal wounds {unknown}
 s - a potion of cancellation {unknown}
 t - 2 potions of ambrosia {unknown}
 v - 2 potions of invisibility {unknown}
 w - a potion of flight {unknown}


   Skills:
 + Level 4.2 Fighting
 + Level 4.6 Axes
 + Level 0.6 Throwing
 + Level 4.3 Armour
 + Level 1.5 Dodging
 + Level 0.8 Stealth
 + Level 5.2 Shields


You had 6 spell levels left.
You didn't know any spells.
Your spell library contained the following spells:

 Spells                   Type           Power      Damage    Failure   Level
 Magic Dart               Conj           0%         1d3       63%         1
 Call Imp                 Summ           0%         N/A       77%         2
 Mephitic Cloud           Conj/Pois/Air  0%         N/A       94%         3


Dungeon Overview and Level Annotations

Branches:
Dungeon (5/15)             Temple (1/1) D:4

Altars:
Ashenzari
Cheibriados
Elyvilon
Gozag
Hepliaklqana
Nemelex Xobeh
Qazlal
Uskayaw
Vehumet
Wu Jian
Xom
Zin
The Shining One

Shops:
D:2 !


Innate Abilities, Weirdness & Mutations

You cannot be hasted, slowed, berserked, paralysed or teleported.
You can dig through walls and to a lower floor.
You have a pair of large antennae on your head. (SInv)
Your four strong arms can wield two-handed weapons with a shield.


Message History

The iguana closely misses you.
Unknown command.
You closely miss the gnoll.
The gnoll is severely wounded.
You slash the iguana!
You kill the iguana!
The gnoll hits you with a +0 flail.
* * * LOW HITPOINT WARNING * * *
You block the gnoll's attack. You block the hound's attack.
Unknown command.
You slice the gnoll!!
You kill the gnoll!
You hit the hound. The hound barely misses you. You block the gnoll's attack.
The gnoll hits you from afar with a +0 spear.
* * * LOW HITPOINT WARNING * * *
The hound bites you but does no damage. The gnoll barely misses you.
You block the gnoll's attack.
You have reached level 7!
You barely miss the hound.
The hound is moderately wounded.
The hound barely misses you. The gnoll closely misses you. x2
The hound closely misses you.
Unknown command.
You barely miss the hound.
The hound is moderately wounded.
The hound bites you.
* * * LOW HITPOINT WARNING * * *
The gnoll hits you but does no damage. The gnoll closely misses you.
You block the hound's attack.
Unknown command.
An adder comes into view.
The adder hisses angrily.
You barely miss the hound.
The hound is moderately wounded.
The hound closely misses you. The gnoll hits you but does no damage.
You block the hound's attack. The hound bites you.
* * * LOW HITPOINT WARNING * * *
The hound attacks as you move away! The hound bites you.
You die...

...................
...................
...................
..................>
..(...{g...........
#######.########...
###.$?..g.# ..
.......h.##
.......@.#
...............
.......S#######
........# ........#
........# .##..####
#..


You could see a hound, 2 gnolls and an adder.

Vanquished Creatures
  A black bear (D:3)
  2 hounds (D:5)
  2 iguanas
  A gnoll (D:5)
  8 adders
  An ufetubus (D:5)
  A worm (D:3)
  An orc (D:5)
  10 endoplasms
  6 giant cockroaches
  7 goblins
  12 hobgoblins
  3 quokkas
  4 ball pythons
  A bat (D:1)
  3 frilled lizards
  6 kobolds
  6 rats
75 creatures vanquished.

Notes
Turn   | Place    | Note
-------+----------+-------------------------------------------
     0 | D:1      | xian the Formicid Fighter began the quest for the Orb.
     0 | D:1      | Reached XP level 1. HP: 18/18 MP: 1/1
   108 | D:1      | Found a faded altar of an unknown god.
   148 | D:1      | Reached XP level 2. HP: 24/24 MP: 2/2
   933 | D:2      | Reached XP level 3. HP: 29/29 MP: 3/3
  1382 | D:2      | Found Bedi Usch's Distillery.
  1386 | D:2      | Bought a potion of degeneration for 14 gold pieces
  1697 | D:3      | Reached XP level 4. HP: 28/35 MP: 4/4
  2078 | D:3      | Noticed a black bear
  2086 | D:3      | Killed a black bear
  2087 | D:3      | Reached XP level 5. HP: 38/42 MP: 5/5
  2144 | D:3      | Reached skill level 1 in Dodging
  2582 | D:3      | Reached XP level 6. HP: 48/48 MP: 6/6
  3158 | D:4      | Found a staircase to the Ecumenical Temple.
  3169 | Temple   | Entered the Ecumenical Temple
  3579 | D:4      | Reached skill level 5 in Shields
  3729 | D:5      | Entered Level 5 of the Dungeon
  3783 | D:5      | Reached XP level 7. HP: 6/54 MP: 7/7
  3788 | D:5      | Slain by a hound

Illustrated notes

Levels and vault maps discovered:
D:1:      onia_arrival_pyramid, layout_loops_corners,
          hellmonk_ecumenical_altar_leap_of_faith
D:2:      layout_loops_cross, serial_shops, nicolae_shop_behind_doors
D:3:      layout_loops_corners, minmay_crystal_water
D:4:      layout_loops_corners, minmay_temple_entry_poolview
D:5:      layout_basic, nicolae_ru_sacrificial_ziggurat
Temple:   compressed_dpeg_triangle_lava_temple

Skill      XL: |  1  2  3  4  5  6 |
---------------+-------------------+-----
Axes           | 3 4 |  4.6
Armour         | 4 |  4.3
Dodging        | 1 |  1.5
Fighting       | 4 |  4.2
Shields        | 5 |  5.2
Throwing       | |  0.6
Stealth        | |  0.8

Action                     |  1- 3 |  4- 6 |  7- 9 || total
---------------------------+-------+-------+-------++-------
  Melee: War axe           |    97 |   169 |     3 ||   269
  Throw: Stone             |    22 |     7 |       ||    29
         Dart              |       |     7 |       ||     7
    Use: Scroll            |     2 |       |       ||     2
         Potion            |       |     1 |       ||     1
 Armour: Scale mail        |    20 |       |       ||    20
         Ring mail         |    15 |    75 |     2 ||    92
  Dodge: Dodged            |    42 |   107 |     6 ||   155
  Block: Buckler           |    24 |    50 |     2 ||    76

Table legend: (Time is in decaauts)
 A = Elapsed time spent in this place.
 B = Non-inter-level travel time spent in this place.
 C = Inter-level travel time spent in this place.
 D = Time resting spent in this place.
 E = Time spent auto-exploring this place.
 F = Levels seen in this place.
 G = Mean time per level.
                   A        B        C        D        E       F      G
               +--------+--------+--------+--------+--------+-----+--------+
         Total |   3888 |   3811 |     77 |      0 |   2654 |   6 |  648.0 |
       Dungeon |   3594 |   3517 |     77 |      0 |   2437 |   5 |  718.8 |
        Temple |    294 |    294 |      0 |      0 |    217 |   1 |  294.0 |
               +--------+--------+--------+--------+--------+-----+--------+

Top non-repeatable levels by time:
     D:3: 1194 daAuts
     D:1: 948 daAuts
     D:2: 742 daAuts
     D:4: 642 daAuts
  Temple: 294 daAuts
     D:5: 66 daAuts
